 Dungeon Crawl Stone Soup version 0.30-a0-652-gcc886f7154 (webtiles) character file.

Game seed: 6707705060774401646

1502 BigDaddyOpFi the Digger (level 9, -4/55 HPs)
             Began as a Meteoran Earth Elementalist on Jan 17, 2023.
             Was a Follower of Sif Muna.
             Shot with a sling bullet by Joseph (12 damage)
             ... on level 7 of the Dungeon.
             The game lasted 00:11:01 (3915 turns).

BigDaddyOpFi the Digger (MeEE)                      Turns: 3915, Time: 00:11:01

Health: -4/55      AC:  5    Str:  7    XL:     9   Next: 29%
Magic:  12/19      EV: 14    Int: 25    God:    Sif Muna [*.....]
Gold:   204        SH:  9    Dex: 18    Spells: 17/21 levels left

rFire   . . .      SeeInvis .    j - +4 short sword (freeze)
rCold   . . .      Faith    .    (no shield)
rNeg    . . .      Spirit   .    a - +0 robe
rPois   .          Reflect  +    k - +0 helmet
rElec   .          Harm     .    t - +0 cloak
rCorr   .          Rampage  .    p - +0 pair of gloves
Will    +....                    (no boots)
Stlth   +                        r - amulet of reflection
HPRegen 0.29/turn                n - ring of wizardry
MPRegen 0.16/turn                (no ring)

@: mighty, brilliant, glowing, studying Evocations
A: sense surroundings 2, otherworldly, glowing, explore regen, large bone plates
1, agile 1, clever 1, robust 1
a: Renounce Religion, Channel Magic


You were on level 7 of the Dungeon.
You worshipped Sif Muna.
Sif Muna was aware of your devotion.
You visited 2 branches of the dungeon, and saw 8 of its levels.

You collected 204 gold pieces.

Inventory:

Hand Weapons
 j - a +4 short sword of freezing (weapon)
Missiles
 g - a throwing net
 h - 2 silver javelins
Armour
 a - a +0 robe (worn)
 k - a +0 helmet (worn)
 p - a +0 pair of gloves (worn)
 t - a +0 cloak (worn)
Magical Staves
 f - a staff of poison
Jewellery
 n - a ring of wizardry (left hand)
 r - an amulet of reflection (around neck)
Wands
 d - a wand of iceblast (5)
Scrolls
 b - a scroll of amnesia
 i - 2 scrolls of teleportation
 l - a scroll of identify
 m - a scroll of vulnerability
 s - a scroll of silence


   Skills:
 + Level 3.9 Dodging
 + Level 2.5 Stealth
 + Level 6.6 Spellcasting
 + Level 5.8 Conjurations
 + Level 3.1 Transmutations
 * Level 3.6 Air Magic
 + Level 7.0 Earth Magic
 + Level 2.7 Invocations


You had 17 spell levels left.
You knew the following spells:

 Your Spells              Type           Power      Damage    Failure   Level
a - Sandblast             Erth           100%       2d20      1%          1
b - Stone Arrow           Conj/Erth      100%       3d13      1%          3

Your spell library contained the following spells:

 Spells                   Type           Power      Damage    Failure   Level
 Shock                    Conj/Air       100%       1d9       1%          1
 Sting                    Tmut/Pois      96%        1d7       1%          1
 Passwall                 Tmut/Erth      41%        N/A       1%          2
 Poisonous Vapours        Pois/Air       52%        N/A       1%          2
 Swiftness                Air            39%        N/A       1%          3
 Petrify                  Tmut/Erth      50%        N/A       3%          4
 Airstrike                Air            19%        2d(3-19)  6%          4
 Lightning Bolt           Conj/Air       23%        1d39      12%         5
 Summon Lightning Spire   Summ/Air       26%        N/A       13%         4
 Olgreb's Toxic Radiance  Pois           12%        N/A       26%         4


Dungeon Overview and Level Annotations

Branches:
Dungeon (7/15) Zot: 497    Temple (1/1) D:6 Zot: 548

Altars:
Dithmenos
Fedhas
Nemelex Xobeh
Okawaru
Qazlal
Sif Muna
Trog
Wu Jian

Shops:
D:4 :   D:5 (((

Annotations:
D:7 Joseph


Innate Abilities, Weirdness & Mutations

You passively map the area around you.
You are easily found by Zot.
You glow in the dark.
You regain HP and MP as you explore.
You are partially covered in large bone plates. (SH +4)
You are agile. (Dex +4, Str/Int -1)
Your mind is acute. (Int +4, Str/Dex -1)
You are robust. (+10% HP)


Message History

Press: ? - help, Shift-Dir - straight line, f - Duvessa
Aim: Duvessa, wielding a +0 short sword and wearing a +0 leather armour (almost dead, berserk, 81% to hit)
You feel a surge of power!
The stone arrow misses Duvessa.
Casting: Stone Arrow (safe; 1% risk of failure)
Confirm with . or Enter, or press ? or * to list all spells.
Aiming: Stone Arrow (safe; 1% risk of failure)
Press: ? - help, Shift-Dir - straight line, f/p - Duvessa
Aim: Duvessa, wielding a +0 short sword and wearing a +0 leather armour (almost dead, berserk, 81% to hit)
You feel a surge of power!
The stone arrow hits Duvessa!
You kill Duvessa!
Sif Muna accepts your kill.
Your Transmutations skill increases to level 3!
Unknown command.
It was a potion of might.
You feel very mighty all of a sudden.
Joseph unwields a +0 quarterstaff.
Joseph wields a +0 sling.
Joseph shoots a sling bullet.
The sling bullet closely misses you.
Casting: Stone Arrow (safe; 1% risk of failure)
Confirm with . or Enter, or press ? or * to list all spells.
You can't see any susceptible monsters within range! (Use Z to cast anyway.)
Casting: Stone Arrow (safe; 1% risk of failure)
Confirm with . or Enter, or press ? or * to list all spells.
You can't see any susceptible monsters within range! (Use Z to cast anyway.) Joseph shoots a sling bullet.
The sling bullet closely misses you.
Casting: Stone Arrow (safe; 1% risk of failure)
Confirm with . or Enter, or press ? or * to list all spells.
Aiming: Stone Arrow (safe; 1% risk of failure)
Press: ? - help, Shift-Dir - straight line, f - Joseph
Aim: Joseph, wielding a +0 sling and wearing a +0 leather armour (78% to hit)
You feel a surge of power!
The stone arrow misses Joseph.
Joseph says, "You will never get the ORB, sorry."
Casting: Stone Arrow (safe; 1% risk of failure)
Confirm with . or Enter, or press ? or * to list all spells.
Aiming: Stone Arrow (safe; 1% risk of failure)
Press: ? - help, Shift-Dir - straight line, f/p - Joseph
Aim: Joseph, wielding a +0 sling and wearing a +0 leather armour (78% to hit)
You feel a surge of power!
The stone arrow hits Joseph!!
Joseph is moderately wounded.
Joseph shoots a sling bullet.
The sling bullet hits you!
You die...

####...###....#................#*
#..........#......).........# ,
#..........#................# ,
#..........+................# ,
#...########................#
#####*#....##+#####'#.......#
,..............#........ ,,,, ,
..............#........ ,, ,
.......@......#........ , ,,.
......).......#........ ..
##+##...##....#........
,**...###..##@.)##....#........
.........†....#....#........ ,,
..............+....# , ,* ,
....@.........#....# , ,
...###+########....+ , , ** , **
, , , ##+## ,,


You could see Joseph.

Vanquished Creatures
  A hornet (D:7)
  Duvessa (D:7)
  2 water moccasins
  An ogre (D:5)
  A bullfrog (D:6)
  A necrophage (D:5)
  2 scorpions
  Dowan (D:7)
  A jelly (D:6)
  5 hounds
  An orc priest (D:4)
  A gnoll bouda (D:5)
  3 iguanas
  2 orc wizards
  9 gnolls
  5 adders
  3 white imps
  2 ufetubi
  3 dart slugs
  14 orcs
  3 bats
  4 endoplasms (D:1)
  4 giant cockroaches
  8 goblins
  3 hobgoblins
  2 jackals (D:4)
  3 quokkas
  5 ball pythons
  2 frilled lizards
  10 kobolds
  4 rats
107 creatures vanquished.

Vanquished Creatures (others)
  A plant (D:4)
1 creature vanquished.

Grand Total: 108 creatures vanquished

Notes
Turn   | Place    | Note
-------+----------+-------------------------------------------
     0 | D:1      | BigDaddyOpFi the Meteoran Earth Elementalist began the
                  | quest for the Orb.
     0 | D:1      | Reached XP level 1. HP: 14/14 MP: 5/5
    32 | D:1      | Reached XP level 2. HP: 20/20 MP: 4/6
   434 | D:1      | Reached XP level 3. HP: 26/26 MP: 4/8
   491 | D:1      | Glimpsed the power of Zot.
   541 | D:1      | Glimpsed the power of Zot.
   675 | D:2      | Found a faded altar of an unknown god.
   746 | D:2      | Reached skill level 4 in Earth Magic
  1081 | D:2      | Glimpsed the power of Zot.
  1131 | D:2      | Glimpsed the power of Zot.
  1208 | D:3      | Reached skill level 1 in Conjurations
  1249 | D:3      | Reached XP level 4. HP: 33/33 MP: 7/10
  1675 | D:3      | Glimpsed the power of Zot.
  1693 | D:4      | Learned a level 3 spell: Stone Arrow
  1703 | D:4      | Reached XP level 5. HP: 38/38 MP: 6/11
  1772 | D:4      | Found a bloodstained altar of Trog.
  1981 | D:4      | Reached skill level 5 in Earth Magic
  1981 | D:4      | Reached XP level 6. HP: 37/45 MP: 8/13
  2002 | D:4      | Gained mutation: You occasionally lose the ability to drink
                  | potions when taking damage. [potion of mutation]
  2002 | D:4      | Gained mutation: Your mind is acute. (Int +4, Str/Dex -1)
                  | [potion of mutation]
  2002 | D:4      | Gained mutation: Your magical capacity is low. (-10% MP)
                  | [potion of mutation]
  2254 | D:4      | Lost mutation: Your magical capacity is low. (-10% MP)
                  | [potion of mutation]
  2254 | D:4      | Lost mutation: You occasionally lose the ability to drink
                  | potions when taking damage. [potion of mutation]
  2254 | D:4      | Lost mutation: Your mind is acute. (Int +4, Str/Dex -1)
                  | [potion of mutation]
  2254 | D:4      | Gained mutation: You are agile. (Dex +4, Str/Int -1)
                  | [potion of mutation]
  2254 | D:4      | Gained mutation: You are partially covered in large bone
                  | plates. (SH +4) [potion of mutation]
  2254 | D:4      | Gained mutation: Your mind is acute. (Int +4, Str/Dex -1)
                  | [potion of mutation]
  2254 | D:4      | Gained mutation: You are robust. (+10% HP) [potion of
                  | mutation]
  2266 | D:4      | Glimpsed the power of Zot.
  2316 | D:3      | Glimpsed the power of Zot.
  2343 | D:4      | Found Loenuas's Book Boutique.
  2355 | D:4      | Glimpsed the power of Zot.
  2365 | D:4      | Touched by the power of Zot.
  2465 | D:4      | Glimpsed the power of Zot.
  2469 | D:4      | You fall into a shaft and drop 2 floors!
  2489 | D:6      | Noticed a water moccasin
  2493 | D:6      | Killed a water moccasin
  2494 | D:6      | Reached skill level 5 in Spellcasting
  2494 | D:6      | Reached XP level 7. HP: 41/41 MP: 7/15
  2589 | D:6      | Reached skill level 6 in Earth Magic
  2594 | D:6      | Found a staircase to the Ecumenical Temple.
  2607 | Temple   | Entered the Ecumenical Temple
  2651 | Temple   | Became a worshipper of Sif Muna the Loreminder
  2761 | D:5      | Entered Level 5 of the Dungeon
  2779 | D:5      | Found a stormy altar of Qazlal.
  2801 | D:5      | Reached skill level 5 in Conjurations
  2801 | D:5      | Reached XP level 8. HP: 49/49 MP: 10/17
  2807 | D:5      | Found Aditha's Weapon Boutique.
  2876 | D:5      | Found Sonuquth's Antique Weapon Shoppe.
  3031 | D:5      | Reached skill level 1 in Air Magic
  3129 | D:5      | Found Ofogul's Antique Weapon Shoppe.
  3185 | D:5      | Reached skill level 1 in Invocations
  3301 | D:5      | Found a blossoming altar of Fedhas.
  3368 | D:5      | Found a sparkling altar of Nemelex Xobeh.
  3374 | D:5      | Reached * piety under Sif Muna
  3715 | D:5      | Glimpsed the power of Zot.
  3765 | D:4      | Glimpsed the power of Zot.
  3803 | D:6      | Glimpsed the power of Zot.
  3811 | D:7      | Noticed a hornet
  3813 | D:7      | Killed a hornet
  3814 | D:7      | Gained mutation: You passively map the area around you.
                  | [Meteoran growth]
  3814 | D:7      | Reached XP level 9. HP: 55/55 MP: 13/19
  3882 | D:7      | Noticed Dowan
  3887 | D:7      | Killed Dowan
  3888 | D:7      | Reached skill level 7 in Earth Magic
  3896 | D:7      | Noticed Duvessa
  3901 | D:7      | Noticed Joseph
  3911 | D:7      | Killed Duvessa
  3915 | D:7      | Shot with a sling bullet by Joseph

Illustrated notes

Levels and vault maps discovered:
D:1:      nicolae_arrival_memento_mori, layout_basic
D:2:      layout_loops_cross, chequers_ecumenical_altar_island
D:3:      layout_loops_ring
D:4:      minmay_recursive_quarters, layout_rooms, tgw_xom, trog_antimagical,
          serial_shops, nicolae_shop_hallway_plus, kennysheep_mini,
          serial_bayou_pond_d, kennysheep_generic_room_6
D:5:      layout_basic, fedhas_altar_4, nemelex_diamond_rough_becter,
          marbit_many_paths, serial_shops, nicolae_shop_overgrown_old_shop,
          nicolae_stop_n_shop_2, nicolae_shop_competitors_out_of_business
D:6:      layout_basic, kennysheep_mini_moat, minmay_temple_entry_tees
D:7:      layout_gridville, serial_shops, shop, uniq_joseph, uniq_menkaure,
          uniq_duvessa
Temple:   bh_familiar_temple

Skill      XL: |  1  2  3  4  5  6  7  8  9 |
---------------+----------------------------+-----
Spellcasting   | 3 4 5 6 |  6.6
Earth Magic    | 4 5 6 7 |  7.0
Conjurations   | 1 2 3 5 |  5.8
Air Magic      | 2 3 |  3.6
Dodging        | 3 |  3.9
Transmutations | 2 3 |  3.1
Stealth        | 2 |  2.5
Invocations    | 2 |  2.7

Action                   |  1- 3 |  4- 6 |  7- 9 || total
-------------------------+-------+-------+-------++-------
Melee: Short sword       |       |    34 |    26 ||    60
       Punch             |       |     1 |       ||     1
Throw: Javelin           |       |     3 |       ||     3
 Cast: Sandblast         |    39 |    23 |     8 ||    70
       Stone Arrow       |       |    10 |    68 ||    78
Evoke: Wand              |       |       |     1 ||     1
  Use: Scroll            |     1 |     7 |     5 ||    13
       Potion            |       |     5 |     3 ||     8
Armor: Robe              |     1 |    16 |     7 ||    24
Dodge: Dodged            |     7 |    25 |    19 ||    51
Block: Other             |       |    20 |    32 ||    52
       Reflection        |       |     1 |     5 ||     6

Table legend: (Time is in decaauts)
 A = Elapsed time spent in this place.
 B = Non-inter-level travel time spent in this place.
 C = Inter-level travel time spent in this place.
 D = Time resting spent in this place.
 E = Time spent auto-exploring this place.
 F = Levels seen in this place.
 G = Mean time per level.
                   A        B        C        D        E       F      G
               +--------+--------+--------+--------+--------+-----+--------+
         Total |   3953 |   3790 |    163 |    705 |   2293 |   8 |  494.1 |
       Dungeon |   3902 |   3743 |    159 |    705 |   2269 |   7 |  557.4 |
        Temple |     51 |     47 |      4 |      0 |     24 |   1 |   51.0 |
               +--------+--------+--------+--------+--------+-----+--------+

Top non-repeatable levels by time:
     D:5: 971 daAuts
     D:4: 858 daAuts
     D:2: 589 daAuts
     D:1: 583 daAuts
     D:3: 544 daAuts
     D:6: 250 daAuts
     D:7: 104 daAuts
  Temple: 51 daAuts
